 Dungeon Crawl Stone Soup version 0.26.1-11-gd32895ea62 (webtiles) character file.

Game seed: 199325216881225990

352 MajorAdolf the Sneak (level 6, -1/49 HPs)
             Began as a Naga Wanderer on July 23, 2021.
             Killed from afar by an orc wizard (7 damage)
             ... with a magic dart
             ... on level 6 of the Dungeon.
             The game lasted 00:15:00 (6853 turns).

MajorAdolf the Sneak (Naga Wanderer)                Turns: 6853, Time: 00:15:01

Health: -1/49      AC:  5    Str: 13    XL:     6   Next: 62%
Magic:  1/11       EV: 10    Int: 15    God:
Gold:   186        SH:  0    Dex: 11    Spells: 2/11 levels left

rFire    . . .     SeeInvis +   h - +2 hand axe (holy)
rCold    . . .     Faith    .   (no shield)
rNeg     . . .     Spirit   .   c - +0 robe
rPois    +         Reflect  .   (no helmet)
rElec    .         Harm     .   g - +0 cloak
rCorr    .         Rampage  .   p - +0 pair of gloves
Will     .....                  (no barding)
Stlth    +++.......             (no amulet)
HPRegen  0.16/turn              (no ring)
MPRegen  0.12/turn              (no ring)

@: very slow
A: large, see invisible, deformed body, poison resistance, slowness 2, spit
poison 1, AC +2
a: Spit Poison


You were on level 6 of the Dungeon.
You visited 1 branch of the dungeon, and saw 5 of its levels.

You collected 186 gold pieces.

Inventory:

Hand Weapons
 d - a +0 hunting sling
 e - a +0 dagger
 h - a +2 hand axe of holy wrath (weapon)
Missiles
 u - 21 sling bullets
Armour
 c - a +0 robe (worn)
 g - a +0 cloak (worn)
 p - a +0 pair of gloves (worn)
 s - a +0 leather armour of cold resistance
Jewellery
 a - an uncursed amulet of magic regeneration {unknown}
 j - an uncursed amulet of the acrobat {unknown}
Wands
 l - a wand of disintegration (7)
 m - a wand of flame (15)
Scrolls
 n - 5 scrolls of remove curse {unknown}
 r - a scroll of fog
Potions
 f - a potion of brilliance {unknown}
 i - a potion of haste {unknown}
 k - a potion of invisibility {unknown}
 o - 2 potions of lignification {unknown}
 t - a potion of heal wounds {unknown}


   Skills:
 - Level 1.5 Dodging
 + Level 5.1 Stealth
 - Level 1.0 Shields
 * Level 3.3 Spellcasting
 + Level 2.4 Conjurations
 - Level 2.0 Hexes
 + Level 3.1 Summonings
 + Level 1.6 Fire Magic
 + Level 1.0 Air Magic
 + Level 1.4 Poison Magic


You had 2 spell levels left.
You knew the following spells:

 Your Spells              Type           Power        Failure   Level
a - Magic Dart            Conj           36%          7%          1
b - Call Imp              Summ           11%          9%          2
c - Conjure Flame         Conj/Fire      8%           26%         3
d - Mephitic Cloud        Conj/Pois/Air  7%           28%         3

Your spell library contained the following spells:

 Spells                   Type           Power        Failure   Level
 Slow                     Hex            8%           13%         2
 Blink                    Tloc           N/A          28%         2


Dungeon Overview and Level Annotations

Branches:
Dungeon (6/15)             Temple (0/1) D:6

Altars:
Dithmenos
Hepliaklqana
Makhleb
Nemelex Xobeh
Trog
Vehumet
Wu Jian
Xom
Yredelemnul
The Shining One

Annotations:
D:3 exclusion: downstairs
D:6 exclusion: centaur


Innate Abilities, Weirdness & Mutations

You cannot wear boots.
Your serpentine skin is tough. (AC +2)
You have supernaturally acute eyesight. (SInv)
Armour fits poorly on your strangely shaped body.
Your system is resistant to poisons. (rPois)
You cover ground very slowly.
You can spit poison.


Message History

The orc wizard casts a spell at you. The magic dart hits you.
* * * LOW HITPOINT WARNING * * *
The orc hits your iron imp but does no damage.
The orc warrior hits you with a +0 hand axe.
* * * LOW HITPOINT WARNING * * *
The orc warrior hits your iron imp with a +0 hand axe.
Your iron imp dies!
Unknown command.
The orc wizard mumbles some strange words.
The orc wizard blinks!
The orc wizard gestures at you while chanting.
The magic dart hits you.
* * * LOW HITPOINT WARNING * * *
The orc wizard gestures wildly while chanting.
The orc wizard blinks!
Unknown command.
The orc wizard gestures at you while chanting.
The magic dart hits you!
You die...

*,,,,,*,,,#)[..#...,,,,,,,,*
*,,,,,+,,,#÷...#...........#
*,,,,,**,,#....#..##.......#
*,,,,,**,,#...[#..##.......#
*,,,,,,,,,#)...#...#.......#
*,,,,,,,,,#....#...#..o....#
*,,,,,,,,,#....#...#.oo....#
*,,,,,,,,,#....o...+.....o.#
**,,,,#####....#@###,,,*#..#
**,,,,#.......##§########..#
,,,,,,#.......#§o§§§§o..5..#
,,,,,,#.......#§o§§§§§§o...#
.,,,,,#.......#§§§§§§§§....#
..,,,,+.......#.§..........#
..c,,,#.......#...........o#
*#..,,#.......#####..#######
##...,#...........####


You could see an orc warrior and an orc wizard (fast).

Vanquished Creatures
  A hound (D:6)
  Jessica (D:3)
  An iguana (D:3)
  A worker ant (D:3)
  10 gnolls
  7 adders
  An ooze (D:2)
  2 worms
  3 dart slugs
  2 leopard geckos
  3 orcs
  2 ball pythons
  2 giant cockroaches
  6 hobgoblins
  10 kobolds
  2 quokkas
  11 bats
  2 frilled lizards
  5 goblins
  12 rats
84 creatures vanquished.

Vanquished Creatures (collateral kills)
  2 gnolls (D:6)
  An orc (D:6)
3 creatures vanquished.

Grand Total: 87 creatures vanquished

Notes
Turn   | Place    | Note
-------+----------+-------------------------------------------
     0 | D:1      | MajorAdolf the Naga Wanderer began the quest for the Orb.
     0 | D:1      | MajorAdolf set off with the following items: a +0 club, a
                  | potion of curing, a +0 robe, a +0 dagger; and the following
                  | spell memorised: Magic Dart; and the following spells
                  | available to memorise: Slow, Blink, Call Imp, Conjure
                  | Flame, Mephitic Cloud
     0 | D:1      | Reached XP level 1. HP: 15/15 MP: 3/3
   210 | D:1      | Found a shimmering altar of Xom.
   219 | D:1      | Found a sparkling altar of Nemelex Xobeh.
   219 | D:1      | Found a bloodstained altar of Trog.
   329 | D:1      | Found an ornate altar of the Wu Jian Council.
   329 | D:1      | Found a burning altar of Makhleb.
   329 | D:1      | Found a basalt altar of Yredelemnul.
   982 | D:1      | Reached XP level 2. HP: 22/22 MP: 0/5
  1036 | D:1      | Learned a level 2 spell: Call Imp
  1886 | D:2      | Reached skill level 1 in Conjurations
  2019 | D:1      | Reached skill level 1 in Summonings
  2019 | D:1      | Reached XP level 3. HP: 4/28 MP: 6/6
  2544 | D:2      | Reached skill level 4 in Stealth
  2544 | D:2      | Reached XP level 4. HP: 24/36 MP: 4/7
  3074 | D:2      | Found a bloodstained altar of Trog.
  3704 | D:2      | Reached XP level 5. HP: 42/42 MP: 0/9
  3873 | D:2      | Learned a level 3 spell: Conjure Flame
  3877 | D:2      | Learned a level 3 spell: Mephitic Cloud
  4145 | D:2      | Found a hazy altar of Hepliaklqana.
  4589 | D:3      | Found a shadowy altar of Dithmenos.
  4877 | D:3      | Noticed Jessica
  4887 | D:3      | Killed Jessica
  5637 | D:3      | Found a glowing golden altar of the Shining One.
  5637 | D:3      | Found a burning altar of Makhleb.
  5638 | D:3      | Found a radiant altar of Vehumet.
  6006 | D:3      | Reached skill level 1 in Poison Magic
  6006 | D:3      | Reached XP level 6. HP: 49/49 MP: 8/10
  6137 | D:3      | Reached skill level 5 in Stealth
  6531 | D:4      | You fall into a shaft and drop 2 floors!
  6544 | D:6      | Reached skill level 1 in Air Magic
  6831 | D:6      | Noticed an orc warrior
  6853 | D:6      | Killed from afar by an orc wizard

Illustrated notes

Levels and vault maps discovered:
D:1:      ncdulo_lavacross, layout_loops_corners, serial_co_window_serial,
          co_window_paths_a, co_window_paths_a, co_window_corner_a,
          co_window_of_opportunity_a, co_window_paths_a,
          co_window_of_opportunity_b, co_window_unsneaky_path_d,
          co_window_unsneaky_path_c, co_window_2corner,
          co_window_unsneaky_path_d, co_window_unsneaky_path_b,
          co_window_4corner_b, glass_columns_a, glass_columns_b,
          glass_columns_a, glass_columns_a, glass_columns_c,
          kennysheep_another_room, doesnt_xom_only_xom
D:2:      layout_rooms, lemuel_coloured_pillars_altar, trog_book
D:3:      layout_loops_corners, old_standard_altar,
          gammafunk_temple_overflow_forgotten, uniq_jessica
D:4:      layout_cave_pools, kennysheep_little_box
D:6:      layout_gridville, minmay_temple_entry_ruins, minmay_bent

Skill      XL: |  1  2  3  4  5  6 |
---------------+-------------------+-----
Conjurations   | 1 2 |  2.4
Summonings     | 1 2 3 |  3.1
Stealth        | 4 5 |  5.1
Spellcasting   | 3 |  3.3
Poison Magic   | 1 |  1.4
Air Magic      | 1 |  1.0
Dodging        | |  1.5
Shields        | |  1.0
Hexes          | |  2.0
Fire Magic     | |  1.6

Action                   |  1- 3 |  4- 6 || total
-------------------------+-------+-------++-------
Melee: Dagger            |    31 |    47 ||    78
       Hand axe          |       |     1 ||     1
 Cast: Magic Dart        |    18 |   151 ||   169
       Call Imp          |       |     8 ||     8
       Mephitic Cloud    |       |     1 ||     1
 Abil: Spit Poison       |    29 |    37 ||    66
Evoke: Wand              |     3 |       ||     3
  Use: Potion            |     1 |     3 ||     4
       Scroll            |       |     4 ||     4
Armor: Robe              |    14 |    37 ||    51
Dodge: Dodged            |    27 |    73 ||   100
